 Dungeon Crawl Stone Soup version 0.28.0 (webtiles) character file.

Game seed: 9795526994373767880

45211 BorgnjorsVileCrotch the Frost Mage (level 14, 103/103 HPs)
             Began as a Mummy Ice Elementalist on Feb 8, 2022.
             Was an Initiate of Gozag.
             Quit the game on level 6 of the Lair of Beasts.
             The game lasted 00:28:43 (21532 turns).

BorgnjorsVileCrotch the Frost Mage (MuIE)          Turns: 21532, Time: 00:28:44

Health: 103/103    AC: 13    Str: 18    XL:     14   Next: 0%
Magic:  23/26      EV: 12    Int: 18    God:    Gozag
Gold:   2819       SH: 15    Dex: 13    Spells: 13/29 levels left

rFire   . . .      SeeInvis .   t - +4 flail (flame)
rCold   + + +      Faith    .   n - +5 kite shield of Buolig {+Blink rC+}
rNeg    + + +      Spirit   .   K - +1 leather armour {rF+}
rPois   ∞          Reflect  .   x - +0 helmet
rElec   +          Harm     .   G - +2 cloak {Stlth+}
rCorr   .          Rampage  .   I - +1 pair of gloves
Will    +....                   M - +2 pair of boots
Stlth   ++++......              (no amulet)
HPRegen 0.27/turn               c - ring of ice
MPRegen 0.20/turn               o - ring "Batol" {Fly rElec rF+ Str+6 Stlth+}

@: gold aura, freezing walls, flying, studying Polearms
A: cold resistance 1, negative energy resistance 3, torment resistance 2, heat
vulnerability 1, in touch with death 1, no potions
a: Renounce Religion, Evoke Blink, Potion Petition, Call Merchant, Bribe Branch


You were on level 6 of the Lair of Beasts.
You worshipped Gozag.
Gozag was most pleased with you.
You visited 3 branches of the dungeon, and saw 17 of its levels.
You also visited: Volcano.

You collected 4046 gold pieces.
You spent 1024 gold pieces at shops.
You paid 203 gold pieces to Gozag.

Inventory:

Hand Weapons
 h - a +1 dagger of venom
   (You took it off a kobold on level 3 of the Dungeon)
 p - a +2 hand axe of electrocution
   (You took it off an orc on level 6 of the Dungeon)
 q - a +0 trident
   (You found it on level 6 of the Dungeon)
 t - a +4 flail of flaming (weapon)
   (You took it off a wight on level 6 of the Dungeon)
Missiles
 u - a curare-tipped dart
 E - 2 throwing nets {!f}
Armour
 n - the +5 kite shield of Buolig (worn) {+Blink rC+}
   (You acquired it on level 2 of the Lair of Beasts)

   rC:        It protects you from cold.
   +Blink:    It lets you blink.
 v - a +0 buckler
   (You found it on level 8 of the Dungeon)
 x - a +0 helmet (worn)
   (You found it on level 8 of the Dungeon)
 G - a +2 cloak of stealth (worn)
   (You acquired it on level 2 of the Lair of Beasts)
 I - a +1 pair of gloves (worn)
   (You found it on level 2 of the Lair of Beasts)
 J - a +3 scale mail of fire resistance
   (You found it in a volcano)
 K - a +1 leather armour of fire resistance (worn)
   (You found it in a volcano)
 M - a +2 pair of boots (worn)
   (You found it on level 3 of the Lair of Beasts)
Magical Staves
 B - a staff of conjuration
   (You found it on level 10 of the Dungeon)
Jewellery
 c - a ring of ice (left hand)
   (You found it on level 1 of the Dungeon)
 k - a ring of willpower
   (You found it on level 4 of the Lair of Beasts)
 o - the ring "Batol" (right hand) {Fly rElec rF+ Str+6 Stlth+}
   (You bought it in a shop on level 8 of the Dungeon)

   [ring of strength]

   Str:       It affects your strength (+6).
   rF:        It protects you from fire.
   rElec:     It insulates you from electricity.
   Fly:       It grants you flight.
   Stlth:     It makes you more stealthy.
 r - a ring of protection from cold
   (You found it on level 6 of the Dungeon)
Wands
 m - a wand of mindburst (14)
   (You found it on level 5 of the Dungeon)
 z - a wand of charming (7)
   (You found it on level 9 of the Dungeon)
 A - a wand of acid (4) {@v1}
   (You found it on level 9 of the Dungeon)
 F - a wand of paralysis (5)
   (You took it off Harold on level 10 of the Dungeon)
 L - a wand of iceblast (10) {@v2}
   (You found it on level 3 of the Lair of Beasts)
Scrolls
 a - a scroll of silence {unknown}
 b - 4 scrolls of enchant armour
 d - 3 scrolls of blinking {@r4}
 e - 5 scrolls of teleportation {@r3 !r}
 f - 2 scrolls of fog {!r}
 g - 2 scrolls of immolation
 i - a scroll of summoning
 j - 2 scrolls of holy word
 l - 7 scrolls of amnesia
 s - 4 scrolls of magic mapping {@r5 !r}
 y - 4 scrolls of enchant weapon {unknown}
 C - 6 scrolls of fear {unknown}
 D - a scroll of vulnerability {unknown}
Miscellaneous
 H - a phantom mirror
   (You found it on level 2 of the Lair of Beasts)


   Skills:
 - Level 7.0 Fighting
 - Level 5.0 Dodging
 - Level 4.0 Stealth
 - Level 8.0 Shields
 - Level 8.0 Spellcasting
 - Level 7.0 Conjurations
 + Level 14.2 Ice Magic
 - Level 4.0 Air Magic
 - Level 4.0 Evocations


You had 13 spell levels left.
You knew the following spells:

 Your Spells              Type           Power      Damage    Failure   Level
a - Freeze                Ice            100%       1d11      1%          1
b - Frozen Ramparts       Ice            100%       1d12      1%          3
c - Ozocubu's Armour      Ice            72%        N/A       1%          3
d - Hailstorm             Conj/Ice       61%        3d13      3%          4
e - Freezing Cloud        Conj/Ice/Air   27%        6-21      26%         5

Your spell library contained the following spells:

 Spells                   Type           Power      Damage    Failure   Level
 Ensorcelled Hibernation  Hex/Ice        98%        N/A       2%          2
 Swiftness                Air            21%        N/A       17%         3
 Mephitic Cloud           Conj/Pois/Air  20%        N/A       21%         3
 Stone Arrow              Conj/Erth      38%        3d9       21%         3
 Sandblast                Erth           14%        2d6       28%         1
 Sting                    Tmut/Pois      28%        1d4       28%         1
 Passwall                 Tmut/Erth      5%         N/A       41%         2
 Gell's Gravitas          Tloc           7%         N/A       65%         3
 Lesser Beckoning         Tloc           7%         N/A       65%         3
 Teleport Other           Tloc           7%         N/A       65%         3
 Fireball                 Conj/Fire      9%         3d6       88%         5
 Simulacrum               Ice/Necr       32%        N/A       94%         6
 Passage of Golubria      Tloc           7%         N/A       96%         4
 Manifold Assault         Tloc           7%         N/A       100%        5
 Polar Vortex             Ice            36%        N/A       100%        9
 Statue Form              Tmut/Erth      Unusable   N/A       N/A         6

Dungeon Overview and Level Annotations

Branches:
Dungeon (10/15)            Temple (1/1) D:5            Lair (5/6) D:8
  Swamp (0/4) Lair:2        Snake (0/4) Lair:4        Slime (0/5) Lair:5
Volcano (visited)
    Orc: D:9-12

Altars:
Cheibriados
Elyvilon
Gozag
Hepliaklqana
Makhleb
Nemelex Xobeh
Ru
Sif Muna
Trog
Uskayaw
Vehumet
Xom
Yredelemnul
The Shining One

Shops:
D:4 ?   D:8 =   D:10 *

Annotations:
D:10 2 transporters, aoei's ghost, journeyman MiBe


Innate Abilities, Weirdness & Mutations

You are immune to poison.
Your flesh is cold resistant. (rC+)
You are immune to negative energy. (rN+++)
You are immune to unholy pain and torment.
You are vulnerable to heat. (rF-)
You are in touch with the powers of death.
You do not drink.


Message History

Okay, then.
Casting: Hailstorm (dangerous; 3% risk of failure)
Press: ? - help, Q - select action, (/) - cycle Dir - look around, f - activate You feel a surge of power!
A cannonade of hail descends around you!
The hail pelts the death yak!!
The death yak is moderately wounded.
Your icy armour evaporates.
Casting: Hailstorm (dangerous; 3% risk of failure)
Confirm with . or Enter, or press ? or * to list all spells.
Casting: Frozen Ramparts (safe; 1% risk of failure)
Press: ? - help, Dir - look around, f - activate You feel a surge of power!
The walls around you are covered in ice.
The wall freezes the death yak!
You hit the death yak. You burn the death yak.
The death yak is heavily wounded.
The wall freezes the death yak.
You block the death yak's attack.
The wall freezes the death yak.
You block the death yak's attack.
You barely miss the death yak.
The death yak is severely wounded.
The wall freezes the death yak!
You block the death yak's attack.
The wall freezes the death yak.
You block the death yak's attack.
You barely miss the death yak.
The death yak is almost dead.
The wall freezes the death yak.
You block the death yak's attack.
You hit the death yak. You burn the death yak.
The death yak is almost dead.
The wall freezes the death yak.
You block the death yak's attack.
The wall freezes the death yak.
You kill the death yak!
The frozen ramparts melt away.
Magic restored.
HP restored.
You now have 2792 gold pieces (gained 49).
You now have 2819 gold pieces (gained 27).
Found 2 golden potions.
Found a white potion.
There is a stone staircase leading down here.
You see here a white potion.
There is a stone staircase leading down here.
A sourceless malevolence fills the Lair of Beasts...
You are sucked into a shaft and drop 1 floor!
The shaft crumbles and collapses.
A hornet, a water moccasin and a black mamba come into view.
The black mamba hisses angrily.
You hear an angry hiss.
The water moccasin hisses angrily.
The hornet buzzes angrily.
You hear an angry hiss.
Found 54 gold pieces.
Really read
e - 6 scrolls of teleportation {@r3 !r}?
As you read the scroll of teleportation {@r3 !r}, it crumbles to dust.
You feel strangely unstable.
You hear a loud, deep croak!
The black mamba hisses angrily.
You hear a loud, deep croak!
A black mamba comes into view.
The hornet misses you.
You hear an angry hiss. x2
A water moccasin comes into view.
A wyvern comes into view.
A guardian serpent and a water moccasin come into view.
The guardian serpent shouts!
You block the black mamba's attack.
The black mamba bites the fungus!
The fungus begins to die.
You block the hornet's attack.
You see here 10 gold pieces.
The black mamba bites the fungus!!
The fungus begins to die.
The black mamba closely misses you.
The cane toad stings the fungus.
The black mamba bites the fungus!
You block the black mamba's attack. You block the hornet's attack.
The water moccasin hisses angrily.
Your surroundings suddenly seem different.
A cane toad comes into view.
You hear an angry hiss.
You hear an angry hiss.
You hear a loud, deep croak!
You hear an angry hiss. x3
You hear a loud, deep croak!
Casting: Frozen Ramparts (safe; 1% risk of failure)
Confirm with . or Enter, or press ? or * to list all spells.
Casting: Frozen Ramparts (safe; 1% risk of failure)
Press: ? - help, Dir - look around, f - activate You feel a surge of power!
The walls around you are covered in ice.
The wall freezes the cane toad!
You hit the cane toad. You burn the cane toad.
The cane toad is moderately wounded.
The wall freezes the cane toad!
You block the cane toad's attack.
The wall freezes the cane toad.
The cane toad seems to slow down.
The cane toad stings you but does no damage.
You closely miss the cane toad.
The cane toad is heavily wounded.
The wall freezes the cane toad!
The cane toad stings you but does no damage.
You hit the cane toad. You burn the cane toad.
The cane toad is almost dead.
The wall freezes the cane toad!
You kill the cane toad!
You have reached level 14!
Saving game... please wait.
Welcome back, BorgnjorsVileCrotch the Mummy Ice Elementalist.
Gozag says: Greed is good.
Press ? for a list of commands and other information.
Are you sure you want to abandon this character and quit the game? (Confirm with "yes".)

#....# .S.. #SS# #
#Fs# P.# #FS#
....## ##PP##
......#####SSy.##
........##..PPS.#
$
......$@##..PP.S#
.P....#####...S..#
....# #####..l$
..# ..##$. # #..
#.. #... #. $ ##.
#.


There were no monsters in sight!

Vanquished Creatures
  Gastronok (Lair:2)
  7 hydras
  Harold (D:10)
  A boulder beetle (Lair:4)
  Erica (D:9)
  A two-headed ogre (Volcano)
  9 death yaks
  A hell hog (Volcano)
  Nergalle (D:10)
  A lindwurm (Lair:5)
  A salamander (Volcano)
  3 elephants (Lair:5)
  4 black mambas
  10 cane toads
  A rime drake (Lair:1)
  6 komodo dragons
  4 kobold demonologists
  3 trolls
  2 hornets
  2 polar bears
  Prince Ribbit (D:6)
  8 blink frogs (Lair:2)
  6 dream sheep (Lair:5)
  4 wyverns
  46 yaks
  3 basilisks
  3 steam dragons
  Grum (D:10)
  6 nagas (Lair:4)
  4 hell hounds (Volcano)
  20 water moccasins
  2 orc warriors
  2 ice beasts (D:6)
  9 black bears
  4 ogres (D:6)
  2 necrophages
  9 wolves
  5 centaurs
  3 kobold brigands
  19 bullfrogs
  A wyvern zombie (D:7)
  2 scorpions
  A water moccasin skeleton (D:4)
  4 killer bees (D:10)
  12 wights
  3 howler monkeys (D:10)
  2 electric eels (Lair:2)
  3 hounds
  A centaur skeleton (D:5)
  4 centaur zombies
  2 jellies (D:4)
  4 orc priests
  A gnoll shaman (D:10)
  An iguana (D:4)
  7 orc wizards
  6 adders
  11 gnolls
  2 shadow imps
  3 white imps
  4 dart slugs
  32 orcs
  9 ball pythons
  7 endoplasms
  13 giant cockroaches
  3 goblins
  6 hobgoblins
  6 jackals (D:2)
  2 quokkas (D:1)
  9 bats
  3 frilled lizards (D:3)
  18 kobolds
  3 rats (D:1)
402 creatures vanquished.

Vanquished Creatures (others)
  2 two-headed ogres (Volcano)
  73 fungi
  93 plants
168 creatures vanquished.

Grand Total: 570 creatures vanquished

Notes
Turn   | Place    | Note
-------+----------+-------------------------------------------
     0 | D:1      | BorgnjorsVileCrotch the Mummy Ice Elementalist began the
                  | quest for the Orb.
     0 | D:1      | Reached XP level 1. HP: 13/13 MP: 4/4
   424 | D:1      | Reached XP level 2. HP: 18/19 MP: 2/5
   756 | D:1      | Reached skill level 4 in Ice Magic
  1276 | D:2      | Reached XP level 3. HP: 22/24 MP: 5/7
  1507 | D:2      | Learned a level 3 spell: Frozen Ramparts
  1994 | D:2      | Found a faded altar of an unknown god.
  2015 | D:2      | Reached XP level 4. HP: 24/30 MP: 4/8
  2376 | D:3      | Reached skill level 5 in Ice Magic
  2591 | D:3      | Reached XP level 5. HP: 30/35 MP: 4/9
  3544 | D:4      | Reached skill level 6 in Ice Magic
  3859 | D:4      | Reached XP level 6. HP: 28/41 MP: 4/10
  4043 | D:4      | Learned a level 3 spell: Ozocubu's Armour
  4111 | D:4      | Found Qiyty's Magic Scroll Shop.
  4154 | D:4      | Bought a scroll of immolation for 42 gold pieces
  4154 | D:4      | Bought a scroll of fog for 24 gold pieces
  4623 | D:5      | Entered Level 5 of the Dungeon
  4633 | D:5      | Reached skill level 7 in Ice Magic
  4704 | D:5      | Got the Papyrus of Battle Magic
  4780 | D:5      | Reached XP level 7. HP: 34/46 MP: 5/11
  4863 | D:5      | Got the Compendium of Displaced Transmigration
  4885 | D:5      | Found a staircase to the Ecumenical Temple.
  4913 | Temple   | Entered the Ecumenical Temple
  5138 | Temple   | Became a worshipper of Gozag Ym Sagoz the Greedy
  5287 | D:5      | Noticed a yak
  5287 | D:5      | Noticed a yak
  5320 | D:5      | Noticed a yak
  5322 | D:5      | Noticed a yak
  5326 | D:5      | Noticed a yak
  5329 | D:5      | Killed a yak
  5331 | D:5      | Killed a yak
  5332 | D:5      | Reached skill level 8 in Ice Magic
  5332 | D:5      | Reached skill level 3 in Spellcasting
  5333 | D:5      | Killed a yak
  5334 | D:5      | Reached skill level 2 in Fighting
  5541 | D:5      | Reached XP level 8. HP: 56/56 MP: 13/13
  5550 | D:5      | Reached skill level 4 in Spellcasting
  5837 | D:5      | Reached skill level 3 in Fighting
  6132 | D:5      | Reached skill level 4 in Fighting
  6132 | D:5      | Reached skill level 2 in Stealth
  6134 | D:5      | Reached skill level 3 in Stealth
  6209 | D:5      | Learned a level 4 spell: Hailstorm
  6245 | D:6      | Reached skill level 4 in Stealth
  6245 | D:6      | Reached skill level 1 in Conjurations
  6383 | D:6      | Noticed Prince Ribbit
  6389 | D:6      | Killed Prince Ribbit
  6390 | D:6      | Reached skill level 3 in Conjurations
  6535 | D:6      | Reached XP level 9. HP: 60/65 MP: 15/15
  6569 | D:6      | Reached skill level 4 in Conjurations
  6640 | D:6      | Noticed a troll
  6643 | D:6      | Reached skill level 5 in Spellcasting
  6648 | D:6      | Killed a troll
  6649 | D:6      | Reached skill level 6 in Spellcasting
  6658 | D:6      | Reached skill level 7 in Spellcasting
  6937 | D:6      | Reached skill level 1 in Air Magic
  7056 | D:6      | Found a shimmering blue altar of Sif Muna.
  7681 | D:7      | Reached skill level 5 in Fighting
  8720 | D:8      | Reached skill level 6 in Fighting
  8720 | D:8      | Reached XP level 10. HP: 63/76 MP: 16/20
  8727 | D:8      | Reached skill level 9 in Ice Magic
  8986 | D:8      | Found a staircase to the Lair.
  9320 | D:8      | Reached skill level 7 in Fighting
  9608 | D:8      | Found Ostasyti's Jewellery Emporium.
  9611 | D:8      | Bought the ring "Batol" {Fly rElec rF+ Str+6 Stlth+} for
                  | 928 gold pieces
  9636 | D:8      | Reached skill level 2 in Air Magic
  9981 | D:9      | Noticed a smoke demon
  9984 | D:9      | Noticed a sun demon
  9987 | D:9      | Reached skill level 8 in Spellcasting
  9987 | D:9      | Reached skill level 3 in Air Magic
 10247 | D:9      | Noticed Erica
 10256 | D:9      | Reached skill level 5 in Conjurations
 10256 | D:9      | Killed Erica
 10257 | D:9      | Reached skill level 1 in Evocations
 10759 | D:9      | Reached skill level 4 in Air Magic
 10780 | D:9      | Reached skill level 2 in Evocations
 11147 | D:10     | Entered Level 10 of the Dungeon
 11151 | D:10     | Noticed aoei's ghost (journeyman MiBe)
 11292 | D:10     | Found Beask's Assorted Antiques.
 11306 | D:10     | Bought a scroll labelled JUHALU EFISM for 30 gold pieces
 11573 | D:10     | Reached XP level 11. HP: 51/84 MP: 12/23
 11721 | D:10     | Noticed Grum
 11728 | D:10     | Killed Grum
 11729 | D:10     | Reached skill level 3 in Evocations
 11876 | D:10     | Noticed Nergalle
 11883 | D:10     | Killed Nergalle
 11884 | D:10     | Reached skill level 6 in Conjurations
 12142 | D:10     | Noticed Harold
 12154 | D:10     | Killed Harold
 12303 | D:10     | Found a transporter.
 12323 | D:10     | Found a transporter.
 12432 | Lair:1   | Entered Level 1 of the Lair of Beasts
 12437 | Lair:1   | Reached skill level 4 in Evocations
 12647 | Lair:1   | Reached skill level 7 in Conjurations
 12912 | Lair:1   | Reached skill level 2 in Dodging
 12912 | Lair:1   | Reached skill level 1 in Shields
 13012 | Lair:1   | Noticed a six-headed hydra
 13021 | Lair:1   | Noticed a four-headed hydra
 13036 | Lair:1   | Killed a four-headed hydra
 13292 | Lair:1   | Reached skill level 2 in Shields
 13298 | Lair:1   | Killed a six-headed hydra
 13299 | Lair:1   | Reached skill level 3 in Dodging
 13629 | Lair:1   | Reached skill level 3 in Shields
 13638 | Lair:1   | Reached skill level 4 in Dodging
 14392 | Lair:1   | Learned a level 5 spell: Freezing Cloud
 14439 | Lair:2   | Identified 2 scrolls of acquirement
 14440 | Lair:2   | Acquired a +2 cloak of stealth
 14446 | Lair:2   | Acquired the +5 kite shield of Buolig {+Blink rC+}
 14474 | Lair:2   | Reached XP level 12. HP: 91/91 MP: 20/24
 14613 | Lair:2   | Reached skill level 4 in Shields
 14782 | Lair:2   | Noticed Gastronok
 14793 | Lair:2   | Killed Gastronok
 14794 | Lair:2   | Reached skill level 10 in Ice Magic
 15042 | Lair:2   | Reached skill level 5 in Dodging
 15265 | Lair:2   | Reached skill level 5 in Shields
 15402 | Lair:2   | Found a staircase to the Swamp.
 16004 | Lair:3   | Noticed a four-headed hydra
 16015 | Lair:3   | Killed a four-headed hydra
 16186 | Lair:3   | Found a dark tunnel.
 16197 | Volcano  | Entered a volcano
 16221 | Volcano  | Noticed a two-headed ogre
 16221 | Volcano  | Noticed a two-headed ogre
 16227 | Volcano  | Reached skill level 6 in Shields
 16227 | Volcano  | Killed a two-headed ogre
 16228 | Volcano  | Killed a two-headed ogre
 16229 | Volcano  | Reached skill level 11 in Ice Magic
 16556 | Volcano  | Noticed a two-headed ogre
 16556 | Volcano  | Noticed a hell hog
 16589 | Volcano  | Killed a two-headed ogre
 16591 | Volcano  | Killed a hell hog
 17045 | Lair:3   | Noticed a six-headed hydra
 17046 | Lair:3   | Noticed a five-headed hydra
 17052 | Lair:3   | Reached skill level 7 in Shields
 17056 | Lair:3   | Gained mutation: You are in touch with the powers of death.
                  | [Mummy growth]
 17056 | Lair:3   | Reached XP level 13. HP: 82/96 MP: 7/25
 18308 | Lair:4   | Found a staircase to the Snake Pit.
 18384 | Lair:4   | Reached skill level 8 in Shields
 18384 | Lair:4   | Reached skill level 12 in Ice Magic
 19645 | Lair:5   | Reached skill level 13 in Ice Magic
 20712 | Lair:5   | Found a staircase to the Slime Pits.
 21038 | Lair:5   | Reached skill level 14 in Ice Magic
 21519 | Lair:5   | You are sucked into a shaft and drop 1 floor!
 21519 | Lair:6   | Entered Level 6 of the Lair of Beasts
 21532 | Lair:6   | Reached XP level 14. HP: 103/103 MP: 23/26
 21532 | Lair:6   | Quit the game

Illustrated notes

Levels and vault maps discovered:
D:1:      dpeg_arrival_connections, layout_rooms, st_stairs_7,
          kennysheep_flooded_box
D:2:      layout_loops_ring, basic_altar, chequers_ecumenical_altar_twisty
D:3:      minmay_roachtagon, layout_loops_ring, kennysheep_generic_room_6
D:4:      layout_loops_ring, serial_shops, shop_statue,
          chequers_serial_rivers_micro_c
D:5:      layout_loops_cross, minmay_temple_entry_statues_pillars
D:6:      layout_basic, nicolae_sif_muna_condensation, hex_large,
          minmay_manual_moon, uniq_prince_ribbit1
D:7:      layout_loops_ring
D:8:      layout_loops_ring, due_lair_maze_entry_diamond, serial_shops,
          kennysheep_mini_moat
D:9:      layout_basic, uniq_erica
D:10:     layout_loops_ring, gammafunk_ghost_stat_death, serial_shops,
          nicolae_lakefront_shop, uniq_grum, uniq_nergalle, uniq_harold
Temple:   mainiacjoe_temple_trianglar_array
Lair:1:   wander_river, layout_concentric_octagons, st_stairs_3,
          eino_small_chamber_without_monster, ldierk_geyser
Lair:2:   layout_loops_ring, swamp_mist, serial_bayou, serial_bayou_pond_d,
          serial_bayou_crossing, serial_bayou_shore_b, serial_bayou_shore_a,
          beast_lair_carwin_2, uniq_gastronok
Lair:3:   layout_loops_ring, enter_volcano_1, beast_lair_carwin_1
Lair:4:   layout_cave_shapes, minmay_snake_entry_guardpost_medium
Lair:5:   layout_loops_ring, slime_dummy
Lair:6:   wormcave, layout_big_grid, hangedman_lair_tendril_chambers

Skill      XL: |  1  2  3  4  5  6  7  8  9 10 11 12 13 |
---------------+----------------------------------------+-----
Ice Magic      | 4 5 6 7 8 9 11 14 | 14.2
Spellcasting   | 3 4 7 8 |  8.0
Fighting       | 2 4 6 7 |  7.0
Stealth        | 4 |  4.0
Conjurations   | 3 4 5 7 |  7.0
Air Magic      | 1 4 |  4.0
Evocations     | 2 4 |  4.0
Dodging        | 4 5 |  5.0
Shields        | 3 7 8 |  8.0

Action                   |  1- 3 |  4- 6 |  7- 9 | 10-12 | 13-15 || total
-------------------------+-------+-------+-------+-------+-------++-------
Melee: Unarmed           |    12 |     2 |       |       |       ||    14
       Dagger            |       |    45 |    29 |       |       ||    74
       Punch             |       |       |     4 |     1 |       ||     5
       Hand axe          |       |       |    38 |       |       ||    38
       Flail             |       |       |    50 |   109 |    88 ||   247
 Cast: Freeze            |    57 |    37 |     9 |    80 |    59 ||   242
       Frozen Ramparts   |     1 |    14 |    24 |    35 |    25 ||    99
       Ozocubu's Armour  |       |     3 |    14 |    11 |    11 ||    39
       Hailstorm         |       |       |    13 |    83 |    44 ||   140
       Freezing Cloud    |       |       |       |       |     6 ||     6
Invok: Potion Petition   |       |       |       |     1 |       ||     1
Evoke: Wand              |       |       |     3 |     1 |       ||     4
  Use: Scroll            |       |     4 |     2 |     8 |     2 ||    16
 Stab: Sleeping          |       |     1 |     2 |     2 |     1 ||     6
       Distracted        |       |       |       |     1 |       ||     1
Armor: Robe              |    12 |    28 |    47 |    63 |       ||   150
       Leather armour    |       |       |       |     8 |    57 ||    65
Dodge: Dodged            |    39 |    61 |   105 |   118 |    75 ||   398
Block: Buckler           |       |       |       |    31 |       ||    31
       Kite shield       |       |       |       |    58 |   152 ||   210
